 Dungeon Crawl Stone Soup version 0.30.0-20-g3615ddf2f0 (webtiles) character file.

Game seed: 17930230537915218718

128650 qw the Severer (level 17, -9/113 HPs)
             Began as a Gargoyle Fighter on May 31, 2023.
             Was a High Priest of Okawaru.
             Mangled by a culicivora (16 damage)
             ... on level 3 of the Spider Nest.
             The game lasted 00:17:26 (26900 turns).

qw the Severer (Gargoyle Fighter)                  Turns: 26900, Time: 00:17:27

Health: -9/113     AC: 46    Str: 28    XL:     17   Next: 3%
Magic:  24/24      EV:  5    Int:  9    God:    Okawaru [*****.]
Gold:   876        SH:  0    Dex:  9    Spells: 16/16 levels left

rFire   + . .        m - +4 war axe (vamp)
rCold   + . .        v - +2 kite shield
rNeg    + . .        G - +3 plate armour
rPois   inf          a - +2 helmet
rElec   +            n - scarf {rC+ rF+}
rCorr   +            r - +2 pair of gloves
SInv    +            s - +2 pair of boots
Will    +....        y - amulet of faith Stlth
                     C - ring of see invisible
HPRegen 0.38/turn    l - ring of resist corrosion
MPRegen 0.19/turn

%: faith
@: about to teleport, heroic, flying, held
A: sickness immunity, AC +12, big wings, negative energy resistance 1,
electricity resistance, torment resistance 1, petrification resistance, wild
magic 1
a: Renounce Religion, Heroism, Finesse, Duel


You were on level 3 of the Spider Nest.
You worshipped Okawaru.
Okawaru was extremely pleased with you.
You visited 5 branches of the dungeon, and saw 26 of its levels.
You also visited: Sewer.

You collected 2324 gold pieces.
You spent 1448 gold pieces at shops.


Innate Abilities, Weirdness & Mutations

You are immune to sickness and miasma.
Your stone body is resilient. (AC +12)
You are immune to poison.
Your large and strong wings let you fly.
You resist negative energy. (rN+)
You are resistant to electric shocks. (rElec)
You are resistant to unholy torment.
You are immune to petrification.
Your spells are a little harder to cast, but a little more powerful.


   Skills:
 - Level 15.0(20.0) Fighting
 - Level 16.0(21.0) Axes
 - Level 5.7(10.7) Throwing
 - Level 14.0(19.0) Armour
 - Level 3.2(8.2) Dodging
 + Level 14.5(19.5) Shields
 - Level 10.0 Invocations


You had 16 spell levels left.
You didn't know any spells.
Your spell library was empty.

Inventory:

Hand Weapons
 b - a +5 morningstar
 m - a +4 vampiric war axe (weapon)
 u - a +3 broad axe of freezing
Missiles
 D - 9 boomerangs (quivered)
Armour
 a - a +2 helmet (worn)
 c - +0 acid dragon scales
 n - a scarf of resistance (worn)
 p - a +0 cloak
 r - a +2 pair of gloves (worn)
 s - a +2 pair of boots (worn)
 v - a +2 kite shield (worn)
 F - a +0 plate armour of fire resistance
 G - a +3 plate armour (worn)
Jewellery
 g - a ring of fire
 l - a ring of resist corrosion (right hand)
 y - an amulet of faith (around neck)
 z - a ring of ice
 A - an amulet of reflection
 C - a ring of see invisible (left hand)
Scrolls
 f - 10 scrolls of identify
 i - 11 scrolls of teleportation
 B - 2 scrolls of brand weapon
Potions
 d - 4 potions of might
 e - 5 potions of lignification
 h - 3 potions of attraction
 j - 2 potions of heal wounds
 k - 3 potions of resistance
 o - 8 potions of curing
 q - 5 potions of haste
 t - 2 potions of mutation

Dungeon Overview and Level Annotations

Branches:
Dungeon (15/15)            Temple (1/1) D:7            Lair (5/5) D:9
 Shoals (0/4) Lair:3       Spider (3/4) Lair:3        Slime (0/5) Lair:4
    Orc (2/2) D:12            Elf (0/3) Orc:2        Vaults (0/5) D:14
 Depths (0/4) D:15          Sewer (visited)

Altars:
Ashenzari
Cheibriados
Dithmenos
Elyvilon
Fedhas
Gozag
Hepliaklqana
Kikubaaqudgha
Makhleb
Nemelex Xobeh
Okawaru
Qazlal
Ru
Sif Muna
Trog
Uskayaw
Vehumet
Wu Jian
Xom
Yredelemnul
Zin
The Shining One
Jiyva

Shops:
D:10 =!   Orc:2 :*([

Annotations:
D:14 1 runed translucent door, Cofimnas's ghost, journeyman FoFi


Message History

The pharaoh ant bites you but does no damage.
The redback bites you but does no damage.
The culicivora's wounds heal themselves!
You struggle to detach yourself from the web.
The jorogumo hits you but does no damage.
The jumping spider leaps!
The culicivora bites you!
The culicivora bites you but does no damage.
The redback bites you.
The culicivora bites you but does no damage.
The pharaoh ant bites you but does no damage.
The culicivora bites you but does no damage.
The jorogumo hits you but does no damage.
The culicivora bites you but does no damage.
The redback bites you but does no damage.
The culicivora bites you.
The pharaoh ant bites you but does no damage.
A steelbarb worm comes into view.
The jumping spider leaps!
The culicivora bites you but does no damage. x2
The jorogumo stares at you and mumbles some strange words.
The stream of webbing hits you but does no damage.
You are even more entangled.
The redback bites you. The culicivora bites you!
You struggle to detach yourself from the web.
The pharaoh ant bites you but does no damage.
The culicivora bites you but does no damage. x2
The redback closely misses you. The jorogumo hits you!
The culicivora bites you but does no damage.
The pharaoh ant bites you but does no damage.
The culicivora's wounds heal themselves!
The culicivora bites you.
26900 ||| READING 12 scrolls of teleportation.
As you read the scroll of teleportation, it crumbles to dust.
You feel strangely unstable. The redback bites you.
The culicivora bites you but does no damage.
The pharaoh ant bites you but does no damage.
The jorogumo hits you. The jumping spider barely misses you.
The jumping spider bites you but does no damage.
The culicivora bites you!
You die...

^##...#..^ .. ..^.#.#..#
..# .#....#..# #..##
^.#.^#...# ..#..##
...#.....# ...?.
.........# ^
.0.##^...$....####
....##sHs.#####.[%%..##
#..)s@#...(...#.%...#
#.....Bss....<^.#.....#
....#^#...^#..#..^##..^#
....^....<##.##....##...
. #.. #.#....#..#^..####
.w.# #.^###....#....^.#
..## ... ...#..^..#....
.^ ......#^..#....##. ..
^# ^#. ...#...##......


You could see a jorogumo, a steelbarb worm, 3 culicivoras, a pharaoh ant, a
jumping spider and a redback.

Vanquished Creatures
  Jorgrun (Orc:2)
  Kirke (Spider:2)
  An emperor scorpion (Spider:2)
  2 ghost moths
  2 orc warlords (Orc:2)
  2 broodmothers
  A great orb of eyes (D:15)
  3 vault guards (D:14)
  An entropy weaver (Spider:2)
  A fire dragon (D:15)
  An entropy weaver (shapeshifter) (D:15)
  4 catoblepae
  5 hydras
  2 radroaches
  4 rakshasas (D:15)
  6 boulder beetles
  7 centaur warriors
  2 two-headed ogres
  A tengu warrior (D:14)
  8 death yaks (Lair:5)
  2 orc high priests
  Sonja (Lair:5)
  Nergalle (Orc:1)
  3 skysharks
  A pharaoh ant (Spider:1)
  A sun moth (Spider:1)
  4 steelbarb worms
  5 spectral wolf spiders (Spider:2)
  3 wolf spider zombies (Spider:2)
  A deep elf pyromancer (D:9)
  4 orc knights (Orc:2)
  3 orc sorcerers (Orc:2)
  22 wolf spiders
  13 ugly things
  6 cyclopes
  3 moths of wrath
  9 elephants (Lair:5)
  5 manticores
  A guardian serpent (shapeshifter) (D:14)
  8 demonic crawlers
  3 black mambas
  3 gargoyles
  16 cane toads
  2 torpor snails
  An unseen horror (D:13)
  2 efreet
  3 rime drakes
  3 kobold demonologists
  8 komodo dragons
  5 tengu conjurers
  2 ice devils (Lair:4)
  6 yaktaurs (D:15)
  8 trolls
  A meliai (Lair:3)
  3 polar bears
  3 blink frogs (Lair:5)
  4 wolf spider simulacra (Spider:2)
  3 hornets
  9 tarantellas
  6 dream sheep
  Sigmund (D:2)
  13 culicivoras
  16 jumping spiders
  7 slime creatures
  4 water elementals (D:15)
  2 wraiths
  2 shadows
  4 hogs (Spider:2)
  7 wyverns
  3 basilisks
  9 humans (D:14)
  46 yaks
  29 redbacks
  A steam dragon (D:9)
  6 vampire mosquitoes
  4 wargs (Orc:2)
  3 acid dragons
  11 water moccasins
  A swamp drake (shapeshifter) (D:15)
  Duvessa (D:4)
  2 sky beasts
  An ice beast (D:8)
  31 orc warriors
  5 ogres
  2 phantoms
  5 wolves
  8 centaurs
  8 kobold brigands
  10 bullfrogs
  3 scorpions (D:5)
  Blork the orc (Orc:2)
  A gnoll sergeant (D:9)
  13 wights
  Dowan (D:4)
  9 killer bees
  An oklob sapling (D:7)
  4 electric eels
  4 howler monkeys
  4 jellies
  3 hounds
  16 orc priests
  4 gnoll boudas
  5 iguanas
  2 sleepcaps
  Ijyb (D:3)
  24 orc wizards
  4 hell rats (Lair:1)
  Robin (D:1)
  20 gnolls
  7 river rats (Sewer)
  6 adders
  4 shadow imps
  A white imp (D:6)
  3 worms
  4 dart slugs
  85 orcs
  4 bats
  4 endoplasms
  9 giant cockroaches
  10 goblins
  9 hobgoblins
  9 jackals
  14 kobolds
  6 quokkas
  9 ball pythons
  4 frilled lizards
  3 rats
  A butterfly (Lair:1)
797 creatures vanquished.

Notes
Turn   | Place    | Note
-------+----------+-------------------------------------------
     0 | D:1      | qw the Gargoyle Fighter began the quest for the Orb.
     0 | D:1      | Reached XP level 1. HP: 14/14 MP: 1/1
     0 | D:1      | 0 ||| qw: Version: 0.2-a-102-gfc559e5
     0 | D:1      | 0 ||| qw: Game counter: 604
     0 | D:1      | 0 ||| qw: Always use a shield: true
     0 | D:1      | 0 ||| qw: God list: Okawaru
     0 | D:1      | 0 ||| qw: Allow faded altars: false
     0 | D:1      | 0 ||| qw: Do Orc after D:15 true
     0 | D:1      | 0 ||| qw: Do second Lair branch before Depths: true
     0 | D:1      | 0 ||| qw: Lair rune preference: random
     0 | D:1      | 0 ||| qw: Plans: Normal, Zot:1-4, Slime:5, God:TSO, Crypt,
                  | Tomb, Pan, Hells, Abyss, Win
     0 | D:1      | 0 ||| PLANNING D:1-11
    27 | D:1      | Reached skill level 2 in Axes
    43 | D:1      | 43 ||| Stepping ~*~*~tactically~*~*~ (hiding).
    66 | D:1      | 66 ||| Stepping ~*~*~tactically~*~*~ (stealth).
   155 | D:1      | Reached XP level 2. HP: 19/19 MP: 2/2
   274 | D:1      | 274 ||| Stepping ~*~*~tactically~*~*~ (stealth).
   275 | D:1      | 275 ||| Stepping ~*~*~tactically~*~*~ (stealth).
   276 | D:1      | 276 ||| Stepping ~*~*~tactically~*~*~ (stealth).
   281 | D:1      | 281 ||| Stepping ~*~*~tactically~*~*~ (stealth).
   504 | D:1      | 504 ||| UPGRADING to +0 chain mail.
   514 | D:1      | 514 ||| DROPPING +0 scale mail.
   515 | D:1      | 515 ||| READING scroll labelled XIXKI XUXZICK.
   516 | D:1      | 516 ||| READING scroll labelled KAESTU ZANOFOU.
   517 | D:1      | 517 ||| READING scroll labelled GEXKEGH PEUDANG.
   518 | D:1      | 518 ||| READING scroll labelled OJISTYG MOU.
   519 | D:1      | 519 ||| DRINKING 2 bubbling golden potions.
   545 | D:2      | Noticed Robin
   549 | D:2      | Reached skill level 3 in Axes
   549 | D:2      | 549 ||| STAIRDANCE
   552 | D:1      | Reached XP level 3. HP: 18/23 MP: 3/3
   629 | D:2      | 629 ||| STAIRDANCE
   634 | D:1      | Killed Robin
   654 | D:1      | 654 ||| UPGRADING to +0 helmet.
   743 | D:2      | Reached XP level 4. HP: 28/28 MP: 4/4
   876 | D:2      | 876 ||| Stepping ~*~*~tactically~*~*~ (stealth).
   881 | D:2      | Noticed Sigmund
   890 | D:2      | 890 ||| DRINKING 2 potions of curing.
   890 | D:2      | 890 ||| (to cure confusion)
   907 | D:2      | HP: 7/28 [something (8)]
   912 | D:2      | Killed Sigmund
   913 | D:2      | Reached skill level 5 in Axes
   913 | D:2      | Reached XP level 5. HP: 5/32 MP: 5/5
   913 | D:2      | Reached XP level 6. HP: 6/37 MP: 6/6
   917 | D:2      | HP: 6/37 [jackal (1)]
  1200 | D:2      | 1200 ||| DROPPING +0 club.
  1334 | D:2      | 1334 ||| READING scroll of enchant weapon.
  1334 | D:2      | 1334 ||| ENCHANTING +1 war axe.
  1435 | D:2      | 1435 ||| DROPPING ring of magical power.
  1436 | D:2      | 1436 ||| READING 2 scrolls labelled QEAL ICKAST.
  1437 | D:2      | 1437 ||| READING scroll labelled UPLU UJU AKI.
  1438 | D:2      | 1438 ||| READING scroll labelled PITIKU OCIYT.
  1509 | D:3      | Found a shimmering blue altar of Sif Muna.
  1527 | D:3      | 1527 ||| DROPPING +0 whip.
  1611 | D:3      | Noticed Ijyb
  1618 | D:3      | Killed Ijyb
  1622 | D:3      | 1622 ||| FLEEEEING.
  1623 | D:3      | 1623 ||| FLEEEEING.
  1624 | D:3      | 1624 ||| FLEEEEING.
  1625 | D:3      | 1625 ||| FLEEEEING.
  1626 | D:3      | 1626 ||| FLEEEEING.
  1627 | D:3      | 1627 ||| FLEEEEING.
  1628 | D:3      | 1628 ||| FLEEEEING.
  1997 | D:3      | Found an ancient bone altar of Kikubaaqudgha.
  2054 | D:3      | 2054 ||| Stepping ~*~*~tactically~*~*~ (stealth).
  2209 | D:3      | 2209 ||| DROPPING +0 war axe of venom.
  2283 | D:3      | 2283 ||| READING scroll labelled YLIOFA PEUMYLY.
  2284 | D:3      | 2284 ||| DRINKING 2 viscous orange potions.
  2285 | D:3      | 2285 ||| READING 3 scrolls of identify.
  2285 | D:3      | 2285 ||| IDENTIFYING fizzy grey potion
  2286 | D:3      | 2286 ||| READING 2 scrolls of identify.
  2286 | D:3      | 2286 ||| IDENTIFYING blue potion
  2287 | D:3      | 2287 ||| DROPPING potion of flight.
  2288 | D:3      | 2288 ||| DROPPING potion of berserk rage.
  2407 | D:4      | Reached skill level 6 in Axes
  2436 | D:4      | Reached skill level 1 in Dodging
  2436 | D:4      | Reached XP level 7. HP: 36/43 MP: 7/7
  2484 | D:4      | Noticed Duvessa
  2496 | D:4      | Killed Duvessa
  2526 | D:4      | Noticed Dowan
  2541 | D:4      | Killed Dowan
  2600 | D:4      | 2600 ||| Stepping ~*~*~tactically~*~*~ (hiding).
  2736 | D:4      | 2736 ||| Stepping ~*~*~tactically~*~*~ (hiding).
  2739 | D:4      | 2739 ||| Stepping ~*~*~tactically~*~*~ (hiding).
  2813 | D:4      | 2813 ||| Stepping ~*~*~tactically~*~*~ (stealth).
  2819 | D:4      | 2819 ||| READING scroll of enchant weapon.
  2819 | D:4      | 2819 ||| ENCHANTING +2 war axe.
  3090 | D:4      | 3090 ||| UPGRADING to amulet of guardian spirit.
  3095 | D:4      | 3095 ||| READING scroll labelled XATYRROIWO.
  3112 | D:5      | Entered Level 5 of the Dungeon
  3148 | D:5      | Reached skill level 7 in Axes
  3265 | D:5      | Found a glowing golden altar of the Shining One.
  3358 | D:5      | 3358 ||| READING scroll of enchant weapon.
  3358 | D:5      | 3358 ||| ENCHANTING +3 war axe.
  3424 | D:5      | 3424 ||| Stepping ~*~*~tactically~*~*~ (hiding).
  3578 | D:5      | Reached XP level 8. HP: 50/50 MP: 8/8
  3775 | D:5      | 3775 ||| FLEEEEING.
  3776 | D:5      | 3776 ||| FLEEEEING.
  3777 | D:5      | 3777 ||| FLEEEEING.
  3778 | D:5      | 3778 ||| FLEEEEING.
  3779 | D:5      | 3779 ||| FLEEEEING.
  3780 | D:5      | 3780 ||| FLEEEEING.
  3781 | D:5      | 3781 ||| FLEEEEING.
  3782 | D:5      | 3782 ||| FLEEEEING.
  3783 | D:5      | 3783 ||| FLEEEEING.
  3784 | D:5      | 3784 ||| FLEEEEING.
  3785 | D:5      | 3785 ||| FLEEEEING.
  3786 | D:5      | 3786 ||| FLEEEEING.
  3787 | D:5      | 3787 ||| FLEEEEING.
  3788 | D:5      | 3788 ||| FLEEEEING.
  3789 | D:5      | 3789 ||| FLEEEEING.
  3790 | D:5      | 3790 ||| STAIRDANCE
  3879 | D:4      | 3879 ||| UPGRADING to +0 cloak.
  3884 | D:4      | 3884 ||| UPGRADING to +0 pair of gloves.
  3889 | D:4      | 3889 ||| UPGRADING to +0 pair of boots.
  3894 | D:4      | 3894 ||| UPGRADING to amulet of regeneration.
  3904 | D:4      | 3904 ||| DROPPING amulet of guardian spirit.
  3905 | D:4      | 3905 ||| DRINKING 2 bubbling sapphire potions.
  3905 | D:4      | Gained mutation: Your spells are a little harder to cast,
                  | but a little more powerful. [potion of mutation]
  3906 | D:4      | 3906 ||| READING 2 scrolls of identify.
  3906 | D:4      | 3906 ||| IDENTIFYING fizzy black potion
  4116 | D:6      | 4116 ||| PLANNING SEWER
  4117 | D:6      | 4117 ||| Stepping ~*~*~tactically~*~*~ (hiding).
  4136 | D:6      | Reached skill level 8 in Axes
  4172 | D:6      | Reached skill level 6 in Fighting
  4188 | D:6      | 4188 ||| DROPPING +0 flail.
  4246 | D:6      | 4246 ||| Stepping ~*~*~tactically~*~*~ (hiding).
  4264 | D:6      | Reached XP level 9. HP: 33/55 MP: 9/9
  4304 | D:6      | 4304 ||| Stepping ~*~*~tactically~*~*~ (hiding).
  4309 | D:6      | 4309 ||| FLEEEEING.
  4310 | D:6      | 4310 ||| FLEEEEING.
  4311 | D:6      | 4311 ||| FLEEEEING.
  4312 | D:6      | 4312 ||| FLEEEEING.
  4313 | D:6      | 4313 ||| FLEEEEING.
  4314 | D:6      | 4314 ||| FLEEEEING.
  4315 | D:6      | 4315 ||| FLEEEEING.
  4316 | D:6      | 4316 ||| Stepping ~*~*~tactically~*~*~ (hiding).
  4536 | D:6      | 4536 ||| READING 2 scrolls of identify.
  4536 | D:6      | 4536 ||| IDENTIFYING black potion
  4559 | D:6      | Found a glowing drain.
  4563 | Sewer    | Entered a sewer
  4723 | Sewer    | 4723 ||| Stepping ~*~*~tactically~*~*~ (water).
  4739 | Sewer    | Reached skill level 9 in Axes
  4769 | Sewer    | 4769 ||| DROPPING potion of degeneration.
  4777 | D:6      | 4777 ||| PLANNING D:1-11
  4855 | D:6      | 4855 ||| Stepping ~*~*~tactically~*~*~ (stealth).
  4865 | D:6      | 4865 ||| Stepping ~*~*~tactically~*~*~ (stealth).
  4990 | D:6      | 4990 ||| Stepping ~*~*~tactically~*~*~ (stealth).
  5003 | D:6      | 5003 ||| Stepping ~*~*~tactically~*~*~ (stealth).
  5042 | D:6      | 5042 ||| DROPPING +2 morningstar.
  5043 | D:6      | 5043 ||| READING scroll of enchant weapon.
  5043 | D:6      | 5043 ||| ENCHANTING +4 war axe.
  5121 | D:7      | HP: 14/57 [killer bee (5)]
  5122 | D:7      | 5122 ||| READING scroll of teleportation.
  5124 | D:7      | Found a hazy altar of Hepliaklqana.
  5132 | D:7      | Reached skill level 6 in Armour
  5202 | D:7      | 5202 ||| DRINKING 2 potions of curing.
  5202 | D:7      | 5202 ||| (to cure confusion)
  5248 | D:7      | 5248 ||| Stepping ~*~*~tactically~*~*~ (hiding).
  5256 | D:7      | 5256 ||| Stepping ~*~*~tactically~*~*~ (hiding).
  5265 | D:7      | 5265 ||| Stepping ~*~*~tactically~*~*~ (stealth).
  5266 | D:7      | 5266 ||| Stepping ~*~*~tactically~*~*~ (stealth).
  5279 | D:7      | Found a staircase to the Ecumenical Temple.
  5280 | D:7      | 5280 ||| PLANNING TEMPLE
  5300 | D:7      | 5300 ||| READING 2 scrolls of identify.
  5300 | D:7      | 5300 ||| IDENTIFYING pink potion
  5301 | D:7      | 5301 ||| DROPPING potion of ambrosia.
  5304 | Temple   | Entered the Ecumenical Temple
  5305 | Temple   | 5305 ||| PLANNING OKAWARU WORSHIP
  5513 | Temple   | Became a worshipper of Warmaster Okawaru
  5513 | Temple   | 5513 ||| PLANNING D:1-11
  5533 | D:7      | 5533 ||| Stepping ~*~*~tactically~*~*~ (hiding).
  5537 | D:7      | 5537 ||| Stepping ~*~*~tactically~*~*~ (hiding).
  5829 | D:8      | 5829 ||| Stepping ~*~*~tactically~*~*~ (hiding).
  5830 | D:8      | 5830 ||| Stepping ~*~*~tactically~*~*~ (hiding).
  5831 | D:8      | 5831 ||| Stepping ~*~*~tactically~*~*~ (hiding).
  5896 | D:8      | Reached skill level 10 in Axes
  6011 | D:8      | 6011 ||| Stepping ~*~*~tactically~*~*~ (hiding).
  6121 | D:8      | 6121 ||| UPGRADING to +1 chain mail of positive energy.
  6131 | D:8      | 6131 ||| DROPPING +0 chain mail.
  6199 | D:8      | 6199 ||| Stepping ~*~*~tactically~*~*~ (stealth).
  6201 | D:8      | 6201 ||| Stepping ~*~*~tactically~*~*~ (stealth).
  6239 | D:8      | Reached skill level 1 in Throwing
  6298 | D:8      | 6298 ||| SWAPPING to +0 vampiric war axe.
  6341 | D:8      | Reached XP level 10. HP: 63/63 MP: 10/10
  6342 | D:8      | 6342 ||| Stepping ~*~*~tactically~*~*~ (hiding).
  6589 | D:8      | 6589 ||| Stepping ~*~*~tactically~*~*~ (hiding).
  6650 | D:8      | 6650 ||| Stepping ~*~*~tactically~*~*~ (stealth).
  6670 | D:8      | Reached * piety under Okawaru
  6684 | D:8      | Reached skill level 1 in Invocations
  7008 | D:8      | 7008 ||| READING 2 scrolls of identify.
  7008 | D:8      | 7008 ||| IDENTIFYING viscous silvery potion
  7051 | D:9      | 7051 ||| Stepping ~*~*~tactically~*~*~ (hiding).
  7052 | D:9      | 7052 ||| Stepping ~*~*~tactically~*~*~ (hiding).
  7054 | D:9      | 7054 ||| Stepping ~*~*~tactically~*~*~ (hiding).
  7055 | D:9      | 7055 ||| Stepping ~*~*~tactically~*~*~ (hiding).
  7062 | D:9      | 7062 ||| DRINKING 2 potions of curing.
  7062 | D:9      | 7062 ||| (to cure confusion)
  7067 | D:9      | 7067 ||| Stepping ~*~*~tactically~*~*~ (hiding).
  7091 | D:9      | Noticed a boulder beetle
  7092 | D:9      | 7092 ||| INVOKING Heroism.
  7105 | D:9      | 7105 ||| INVOKING Heroism.
  7127 | D:9      | 7127 ||| INVOKING Heroism.
  7137 | D:9      | Killed a boulder beetle
  7138 | D:9      | Reached skill level 11 in Axes
  7159 | D:9      | Found a staircase to the Lair.
  7248 | D:9      | 7248 ||| INVOKING Heroism.
  7292 | D:9      | 7292 ||| INVOKING Heroism.
  7299 | D:9      | Reached skill level 3 in Invocations
  7348 | D:9      | 7348 ||| INVOKING Heroism.
  7414 | D:9      | Noticed a deep elf pyromancer
  7423 | D:9      | 7423 ||| INVOKING Heroism.
  7427 | D:9      | Reached ** piety under Okawaru
  7428 | D:9      | Noticed a centaur warrior
  7441 | D:9      | Reached XP level 11. HP: 49/69 MP: 12/14
  7448 | D:9      | Killed a deep elf pyromancer
  7449 | D:9      | Reached skill level 9 in Fighting
  7459 | D:9      | Noticed an eight-headed hydra
  7460 | D:9      | Killed a centaur warrior
  7460 | D:9      | Reached *** piety under Okawaru
  7461 | D:9      | 7461 ||| INVOKING Heroism.
  7470 | D:9      | 7470 ||| SWAPPING to +5 morningstar.
  7476 | D:9      | Killed an eight-headed hydra
  7477 | D:9      | 7477 ||| SWAPPING to +0 vampiric war axe.
  7497 | D:9      | Noticed a six-headed hydra
  7498 | D:9      | 7498 ||| FLEEEEING.
  7499 | D:9      | 7499 ||| FLEEEEING.
  7500 | D:9      | 7500 ||| FLEEEEING.
  7501 | D:9      | 7501 ||| FLEEEEING.
  7502 | D:9      | 7502 ||| FLEEEEING.
  7503 | D:9      | 7503 ||| FLEEEEING.
  7504 | D:9      | 7504 ||| FLEEEEING.
  7505 | D:9      | 7505 ||| FLEEEEING.
  7512 | D:9      | 7512 ||| INVOKING Heroism.
  7514 | D:9      | 7514 ||| SWAPPING to +5 morningstar.
  7520 | D:9      | Killed a six-headed hydra
  7521 | D:9      | Reached skill level 12 in Axes
  7521 | D:9      | 7521 ||| SWAPPING to +0 vampiric war axe.
  7567 | D:9      | Found a white marble altar of Elyvilon.
  7569 | D:9      | 7569 ||| Stepping ~*~*~tactically~*~*~ (stealth).
  7570 | D:9      | Found an opulent altar of Gozag.
  7571 | D:9      | 7571 ||| Stepping ~*~*~tactically~*~*~ (hiding).
  7577 | D:9      | Noticed a brown ugly thing
  7588 | D:9      | 7588 ||| INVOKING Heroism.
  7596 | D:9      | Killed a brown ugly thing
  7658 | D:9      | Identified the +8 spear of Xukiabeo {elec, rF+}
  7674 | D:9      | 7674 ||| INVOKING Heroism.
  7701 | D:9      | Noticed a cyclops
  7702 | D:9      | 7702 ||| Stepping ~*~*~tactically~*~*~ (hiding).
  7704 | D:9      | 7704 ||| Stepping ~*~*~tactically~*~*~ (hiding).
  7706 | D:9      | 7706 ||| INVOKING Heroism.
  7716 | D:9      | Killed a cyclops
  7717 | D:9      | Reached skill level 6 in Shields
  7891 | D:9      | 7891 ||| Stepping ~*~*~tactically~*~*~ (hiding).
  7893 | D:9      | 7893 ||| Stepping ~*~*~tactically~*~*~ (hiding).
  7915 | D:9      | Reached **** piety under Okawaru
  8127 | D:9      | Noticed a centaur warrior
  8128 | D:9      | 8128 ||| Stepping ~*~*~tactically~*~*~ (hiding).
  8145 | D:9      | Killed a centaur warrior
  8207 | D:9      | Found the +18 Lear's hauberk
  8222 | D:9      | 8222 ||| Stepping ~*~*~tactically~*~*~ (hiding).
  8228 | D:9      | Noticed a two-headed ogre
  8228 | D:9      | 8228 ||| INVOKING Heroism.
  8244 | D:9      | Killed a two-headed ogre
  8367 | D:9      | Noticed a cyclops
  8368 | D:9      | 8368 ||| INVOKING Heroism.
  8372 | D:9      | Killed a cyclops
  8373 | D:9      | Reached XP level 12. HP: 77/77 MP: 13/16
  8582 | D:9      | 8582 ||| PLANNING LAIR
  8582 | D:9      | 8582 ||| UPGRADING to +1 plate armour of poison resistance.
  8592 | D:9      | 8592 ||| DROPPING +1 chain mail of positive energy.
  8593 | D:9      | 8593 ||| UPGRADING to +4 chain mail of willpower.
  8603 | D:9      | 8603 ||| READING 2 scrolls labelled OGIOMUDUMU.
  8604 | D:9      | 8604 ||| READING scroll labelled EMOXTI MOFIQ.
  8705 | D:9      | 8705 ||| DRINKING 2 bubbling black potions.
  8706 | D:9      | 8706 ||| DROPPING scroll of amnesia.
  8768 | Lair:1   | Entered Level 1 of the Lair of Beasts
  8785 | Lair:1   | 8785 ||| STAIRDANCE
  8793 | D:9      | Reached skill level 6 in Invocations
  8843 | Lair:1   | You fall into a shaft and drop 1 floor!
  9008 | Lair:1   | 9008 ||| Stepping ~*~*~tactically~*~*~ (hiding).
  9056 | Lair:1   | 9056 ||| INVOKING Heroism.
  9351 | Lair:1   | 9351 ||| READING 3 scrolls of enchant weapon.
  9351 | Lair:1   | 9351 ||| ENCHANTING +0 vampiric war axe.
  9352 | Lair:1   | 9352 ||| READING 2 scrolls of enchant weapon.
  9352 | Lair:1   | 9352 ||| ENCHANTING +1 vampiric war axe.
  9353 | Lair:1   | 9353 ||| DROPPING +5 war axe.
  9354 | Lair:1   | 9354 ||| READING scroll of enchant weapon.
  9354 | Lair:1   | 9354 ||| ENCHANTING +2 vampiric war axe.
  9509 | Lair:1   | 9509 ||| READING 2 scrolls of identify.
  9509 | Lair:1   | 9509 ||| IDENTIFYING dark potion
  9643 | Lair:2   | 9643 ||| Stepping ~*~*~tactically~*~*~ (stealth).
  9644 | Lair:2   | 9644 ||| Stepping ~*~*~tactically~*~*~ (stealth).
  9673 | Lair:2   | Reached ***** piety under Okawaru
  9717 | Lair:2   | Identified the +5 ring mail of Taemat {rPois Int+5 Stlth-}
  9750 | Lair:2   | Noticed a catoblepas
  9752 | Lair:2   | 9752 ||| INVOKING Heroism.
  9766 | Lair:2   | Killed a catoblepas
  9767 | Lair:2   | Reached skill level 13 in Axes
  9895 | Lair:2   | 9895 ||| Stepping ~*~*~tactically~*~*~ (water).
 10032 | Lair:2   | 10032 ||| INVOKING Heroism.
 10036 | Lair:2   | Noticed a skyshark
 10058 | Lair:2   | Killed a skyshark
 10108 | Lair:2   | 10108 ||| INVOKING Heroism.
 10134 | Lair:2   | Reached skill level 9 in Armour
 10152 | Lair:2   | 10152 ||| INVOKING Heroism.
 10156 | Lair:2   | Reached skill level 9 in Invocations
 10222 | Lair:2   | 10222 ||| Stepping ~*~*~tactically~*~*~ (stealth).
 10423 | Lair:2   | Noticed an eight-headed hydra
 10424 | Lair:2   | 10424 ||| INVOKING Heroism.
 10425 | Lair:2   | 10425 ||| INVOKING Finesse.
 10429 | Lair:2   | 10429 ||| SWAPPING to +5 morningstar.
 10435 | Lair:2   | Killed an eight-headed hydra
 10436 | Lair:2   | 10436 ||| SWAPPING to +3 vampiric war axe.
 10646 | Lair:2   | 10646 ||| READING scroll labelled GUIV WAAHE.
 10690 | Lair:3   | 10690 ||| READING scroll of enchant armour.
 10690 | Lair:3   | 10690 ||| ENCHANTING +0 pair of gloves.
 10692 | Lair:3   | Found a hole to the Spider Nest.
 10693 | Lair:3   | 10693 ||| INVOKING Heroism.
 10909 | Lair:3   | Reached XP level 13. HP: 82/82 MP: 20/20
 10910 | Lair:3   | Found a staircase to the Shoals.
 11026 | Lair:3   | 11026 ||| INVOKING Heroism.
 11091 | Lair:3   | 11091 ||| READING scroll of enchant armour.
 11091 | Lair:3   | 11091 ||| ENCHANTING +1 pair of gloves.
 11333 | Lair:4   | 11333 ||| STAIRDANCE
 11365 | Lair:4   | Found a staircase to the Slime Pits.
 11365 | Lair:4   | Found a viscous altar of Jiyva.
 11366 | Lair:4   | 11366 ||| INVOKING Heroism.
 11382 | Lair:4   | 11382 ||| Stepping ~*~*~tactically~*~*~ (stealth).
 11390 | Lair:4   | 11390 ||| INVOKING Heroism.
 11400 | Lair:4   | Reached skill level 14 in Axes
 11442 | Lair:4   | 11442 ||| INVOKING Heroism.
 11470 | Lair:4   | Found a frozen archway.
 11637 | Lair:4   | 11637 ||| INVOKING Heroism.
 11683 | Lair:4   | 11683 ||| INVOKING Heroism.
 11779 | Lair:4   | 11779 ||| Stepping ~*~*~tactically~*~*~ (hiding).
 11782 | Lair:4   | 11782 ||| INVOKING Heroism.
 11801 | Lair:4   | 11801 ||| READING scroll of enchant armour.
 11801 | Lair:4   | 11801 ||| ENCHANTING +0 helmet.
 11813 | Lair:4   | 11813 ||| READING scroll of enchant armour.
 11813 | Lair:4   | 11813 ||| ENCHANTING +1 helmet.
 12432 | Lair:4   | 12432 ||| UPGRADING to scarf of resistance.
 12470 | Lair:5   | Entered Level 5 of the Lair of Beasts
 12472 | Lair:5   | 12472 ||| INVOKING Heroism.
 12567 | Lair:5   | Noticed Sonja
 12568 | Lair:5   | 12568 ||| Stepping ~*~*~tactically~*~*~ (hiding).
 12581 | Lair:5   | Killed Sonja
 12629 | Lair:5   | 12629 ||| Stepping ~*~*~tactically~*~*~ (hiding).
 12656 | Lair:5   | 12656 ||| Stepping ~*~*~tactically~*~*~ (stealth).
 12771 | Lair:5   | Reached skill level 15 in Axes
 12771 | Lair:5   | 12771 ||| INVOKING Heroism.
 12786 | Lair:5   | Reached skill level 3 in Dodging
 12788 | Lair:5   | 12788 ||| INVOKING Heroism.
 12967 | Lair:5   | 12967 ||| INVOKING Heroism.
 12968 | Lair:5   | 12968 ||| INVOKING Finesse.
 13081 | Lair:5   | 13081 ||| READING scroll of enchant weapon.
 13081 | Lair:5   | 13081 ||| ENCHANTING +3 vampiric war axe.
 13142 | Lair:5   | 13142 ||| INVOKING Heroism.
 13143 | Lair:5   | 13143 ||| INVOKING Finesse.
 13159 | Lair:5   | Reached skill level 12 in Fighting
 13352 | Lair:5   | 13352 ||| Stepping ~*~*~tactically~*~*~ (hiding).
 13354 | Lair:5   | 13354 ||| INVOKING Heroism.
 13365 | Lair:5   | Received a gift from Okawaru
 13366 | Lair:5   | Gained mutation: Your large and strong wings let you fly.
                  | [Gargoyle growth]
 13366 | Lair:5   | Reached XP level 14. HP: 92/92 MP: 19/21
 13388 | Lair:5   | 13388 ||| Stepping ~*~*~tactically~*~*~ (stealth).
 13391 | Lair:5   | 13391 ||| Stepping ~*~*~tactically~*~*~ (stealth).
 13401 | Lair:5   | 13401 ||| INVOKING Heroism.
 13455 | Lair:5   | 13455 ||| INVOKING Heroism.
 13479 | Lair:5   | 13479 ||| INVOKING Finesse.
 13545 | Lair:5   | 13545 ||| INVOKING Heroism.
 13569 | Lair:5   | Identified the staff of fire "Yzoch" {rF+ rN+ MP+9 Int+2}
 13639 | Lair:5   | 13639 ||| Stepping ~*~*~tactically~*~*~ (stealth).
 13716 | Lair:5   | 13716 ||| PLANNING D:1-11
 13716 | Lair:5   | 13716 ||| UPGRADING to +2 kite shield.
 13726 | Lair:5   | 13726 ||| DROPPING +0 buckler.
 13727 | Lair:5   | 13727 ||| UPGRADING to ring of see invisible.
 13728 | Lair:5   | 13728 ||| READING 2 scrolls labelled RARACI LYSUREA.
 13729 | Lair:5   | 13729 ||| READING 2 scrolls labelled QUCREY ACAFRO.
 13730 | Lair:5   | 13730 ||| READING scroll labelled BIMNEMU DOUC.
 13748 | Lair:5   | 13748 ||| DROPPING scroll of fog.
 13859 | D:10     | Entered Level 10 of the Dungeon
 13891 | D:10     | 13891 ||| Stepping ~*~*~tactically~*~*~ (hiding).
 13919 | D:10     | 13919 ||| Stepping ~*~*~tactically~*~*~ (stealth).
 13954 | D:10     | Identified the +0 robe "Fouzolugg" {Stlth+}
 13958 | D:10     | 13958 ||| Stepping ~*~*~tactically~*~*~ (hiding).
 13959 | D:10     | 13959 ||| Stepping ~*~*~tactically~*~*~ (hiding).
 13968 | D:10     | 13968 ||| Stepping ~*~*~tactically~*~*~ (stealth).
 14137 | D:10     | Found Oceisy's Jewellery Boutique.
 14139 | D:10     | Found Goreir's Distillery.
 14142 | D:10     | 14142 ||| INVOKING Heroism.
 14166 | D:10     | 14166 ||| BUYING amulet of faith (680 gold).
 14166 | D:10     | Bought an amulet of faith for 680 gold pieces
 14166 | D:10     | 14166 ||| BUYING amulet of reflection (510 gold).
 14166 | D:10     | Bought an amulet of reflection for 510 gold pieces
 14166 | D:10     | 14166 ||| SHOPLISTING ring of protection from cold (425
                  | gold, have 35).
 14166 | D:10     | 14166 ||| SHOPLISTING ring of willpower (425 gold, have
                  | 35).
 14170 | D:10     | 14170 ||| BUYING potion of curing (33 gold).
 14170 | D:10     | Bought a potion of curing for 33 gold pieces
 14170 | D:10     | 14170 ||| SHOPLISTING potion of curing (33 gold, have 2).
 14170 | D:10     | 14170 ||| SHOPLISTING potion of haste (110 gold, have 2).
 14170 | D:10     | 14170 ||| SHOPLISTING potion of might (44 gold, have 2).
 14170 | D:10     | 14170 ||| SHOPLISTING potion of resistance (110 gold, have
                  | 2).
 14394 | D:10     | 14394 ||| UPGRADING to amulet of faith.
 14404 | D:10     | 14404 ||| DROPPING amulet of regeneration.
 14454 | D:11     | You are sucked into a shaft and drop 1 floor!
 14473 | D:12     | Found a staircase to the Orcish Mines.
 14843 | D:12     | 14843 ||| READING scroll labelled LUERAE WEUNLODO.
 14843 | D:12     | Identified a scroll of acquirement
 14843 | D:12     | 14843 ||| ACQUIRING +5 war axe of electrocution
 14843 | D:12     | Acquired a +5 war axe of electrocution
 14845 | D:12     | 14845 ||| READING 4 scrolls of identify.
 14845 | D:12     | 14845 ||| IDENTIFYING red potion
 14846 | D:12     | 14846 ||| DROPPING potion of brilliance.
 14847 | D:12     | 14847 ||| DROPPING scroll of poison.
 15143 | D:11     | 15143 ||| Stepping ~*~*~tactically~*~*~ (hiding).
 15145 | D:11     | 15145 ||| Stepping ~*~*~tactically~*~*~ (hiding).
 15498 | D:11     | 15498 ||| Stepping ~*~*~tactically~*~*~ (stealth).
 15508 | D:11     | Reached skill level 9 in Shields
 15683 | D:11     | 15683 ||| PLANNING D
 15683 | D:11     | 15683 ||| UPGRADING to ring of resist corrosion.
 15779 | D:12     | 15779 ||| Stepping ~*~*~tactically~*~*~ (hiding).
 15780 | D:12     | 15780 ||| Stepping ~*~*~tactically~*~*~ (hiding).
 15797 | D:12     | Identified the +0 helmet of Catatonia {rPois} (Okawaru
                  | gifted it to you on level 12 of the Dungeon)
 15797 | D:12     | Received a gift from Okawaru
 15974 | D:12     | 15974 ||| DROPPING +5 war axe of electrocution.
 16513 | D:12     | 16513 ||| DROPPING +0 helmet of Catatonia {rPois}.
 16568 | D:13     | 16568 ||| STAIRDANCE
 16720 | D:13     | 16720 ||| Stepping ~*~*~tactically~*~*~ (hiding).
 16767 | D:13     | 16767 ||| READING scroll of enchant armour.
 16767 | D:13     | 16767 ||| ENCHANTING +0 pair of boots.
 16831 | D:13     | 16831 ||| INVOKING Heroism.
 16832 | D:13     | 16832 ||| INVOKING Finesse.
 16892 | D:13     | 16892 ||| Stepping ~*~*~tactically~*~*~ (stealth).
 16968 | D:13     | 16968 ||| DROPPING +0 broad axe.
 17343 | D:13     | 17343 ||| INVOKING Heroism.
 17732 | D:14     | 17732 ||| FLEEEEING.
 17799 | D:14     | 17799 ||| Stepping ~*~*~tactically~*~*~ (hiding).
 17802 | D:14     | 17802 ||| Stepping ~*~*~tactically~*~*~ (hiding).
 17816 | D:14     | Reached skill level 12 in Shields
 17858 | D:14     | Reached skill level 16 in Axes
 17864 | D:14     | Reached XP level 15. HP: 92/96 MP: 22/22
 17916 | D:14     | Found a gate to the Vaults.
 17954 | D:14     | Noticed Cofimnas's ghost (journeyman FoFi)
 17963 | D:14     | Found a runed translucent door.
 17982 | D:14     | 17982 ||| Stepping ~*~*~tactically~*~*~ (stealth).
 18229 | D:14     | 18229 ||| FLEEEEING.
 18687 | D:15     | Entered Level 15 of the Dungeon
 18738 | D:15     | 18738 ||| Stepping ~*~*~tactically~*~*~ (hiding).
 18960 | D:15     | 18960 ||| INVOKING Heroism.
 18961 | D:15     | 18961 ||| INVOKING Finesse.
 18965 | D:15     | 18965 ||| SWAPPING to +5 morningstar.
 18972 | D:15     | 18972 ||| SWAPPING to +4 vampiric war axe.
 19036 | D:15     | Received a gift from Okawaru
 19064 | D:15     | 19064 ||| INVOKING Heroism.
 19065 | D:15     | 19065 ||| INVOKING Finesse.
 19070 | D:15     | 19070 ||| SWAPPING to +5 morningstar.
 19076 | D:15     | 19076 ||| SWAPPING to +4 vampiric war axe.
 19142 | D:15     | 19142 ||| Stepping ~*~*~tactically~*~*~ (stealth).
 19325 | D:15     | 19325 ||| INVOKING Heroism.
 19582 | D:15     | 19582 ||| READING scroll of enchant armour.
 19582 | D:15     | 19582 ||| ENCHANTING +1 pair of boots.
 19688 | D:15     | 19688 ||| FLEEEEING.
 19696 | D:15     | 19696 ||| FLEEEEING.
 19697 | D:15     | 19697 ||| FLEEEEING.
 19698 | D:15     | 19698 ||| FLEEEEING.
 19699 | D:15     | 19699 ||| FLEEEEING.
 19700 | D:15     | 19700 ||| FLEEEEING.
 19725 | D:15     | 19725 ||| Stepping ~*~*~tactically~*~*~ (hiding).
 19960 | D:15     | Received a gift from Okawaru
 19966 | D:15     | 19966 ||| FLEEEEING.
 19968 | D:15     | 19968 ||| STAIRDANCE
 20062 | D:15     | 20062 ||| Stepping ~*~*~tactically~*~*~ (hiding).
 20064 | D:15     | 20064 ||| Stepping ~*~*~tactically~*~*~ (hiding).
 20065 | D:15     | 20065 ||| Stepping ~*~*~tactically~*~*~ (hiding).
 20163 | D:15     | 20163 ||| Stepping ~*~*~tactically~*~*~ (hiding).
 20165 | D:15     | 20165 ||| Stepping ~*~*~tactically~*~*~ (hiding).
 20177 | D:15     | Paralysed by a great orb of eyes for 2 turns
 20239 | D:15     | 20239 ||| Stepping ~*~*~tactically~*~*~ (hiding).
 20243 | D:15     | 20243 ||| Stepping ~*~*~tactically~*~*~ (stealth).
 20248 | D:15     | 20248 ||| Stepping ~*~*~tactically~*~*~ (stealth).
 20258 | D:15     | 20258 ||| INVOKING Heroism.
 20261 | D:15     | 20261 ||| READING 15 scrolls of teleportation.
 20265 | D:15     | HP: 22/98 [titanic slime creature (76)]
 20266 | D:15     | 20266 ||| DRINKING 5 potions of heal wounds.
 20442 | D:15     | 20442 ||| Stepping ~*~*~tactically~*~*~ (hiding).
 20443 | D:15     | 20443 ||| Stepping ~*~*~tactically~*~*~ (hiding).
 20548 | D:15     | 20548 ||| Stepping ~*~*~tactically~*~*~ (stealth).
 20569 | D:15     | 20569 ||| INVOKING Heroism.
 20585 | D:15     | Found a staircase to the Depths.
 20735 | D:15     | 20735 ||| PLANNING ORC
 20826 | Orc:1    | Entered Level 1 of the Orcish Mines
 20828 | Orc:1    | Noticed Nergalle
 20838 | Orc:1    | Killed Nergalle
 20881 | Orc:1    | 20881 ||| Stepping ~*~*~tactically~*~*~ (hiding).
 20882 | Orc:1    | 20882 ||| Stepping ~*~*~tactically~*~*~ (hiding).
 20933 | Orc:1    | 20933 ||| Stepping ~*~*~tactically~*~*~ (stealth).
 20934 | Orc:1    | 20934 ||| Stepping ~*~*~tactically~*~*~ (stealth).
 20936 | Orc:1    | 20936 ||| Stepping ~*~*~tactically~*~*~ (hiding).
 20947 | Orc:1    | 20947 ||| Stepping ~*~*~tactically~*~*~ (hiding).
 21093 | Orc:1    | 21093 ||| INVOKING Heroism.
 21154 | Orc:1    | 21154 ||| Stepping ~*~*~tactically~*~*~ (stealth).
 21371 | Orc:2    | Entered Level 2 of the Orcish Mines
 21372 | Orc:2    | 21372 ||| PLANNING GAUNTLET
 21372 | Orc:2    | 21372 ||| INVOKING Heroism.
 21376 | Orc:2    | Reached skill level 3 in Throwing
 21401 | Orc:2    | Noticed Jorgrun
 21402 | Orc:2    | 21402 ||| INVOKING Finesse.
 21427 | Orc:2    | Killed Jorgrun
 21427 | Orc:2    | Received a gift from Okawaru
 21599 | Orc:2    | 21599 ||| Stepping ~*~*~tactically~*~*~ (hiding).
 21600 | Orc:2    | Noticed an orc warlord
 21601 | Orc:2    | 21601 ||| Stepping ~*~*~tactically~*~*~ (hiding).
 21603 | Orc:2    | 21603 ||| INVOKING Heroism.
 21604 | Orc:2    | 21604 ||| INVOKING Finesse.
 21611 | Orc:2    | 21611 ||| Stepping ~*~*~tactically~*~*~ (hiding).
 21658 | Orc:2    | Killed an orc warlord
 21664 | Orc:2    | Noticed Blork the orc
 21692 | Orc:2    | Killed Blork the orc
 21730 | Orc:2    | 21730 ||| FLEEEEING.
 21731 | Orc:2    | 21731 ||| FLEEEEING.
 21749 | Orc:2    | 21749 ||| FLEEEEING.
 21750 | Orc:2    | 21750 ||| FLEEEEING.
 21751 | Orc:2    | 21751 ||| FLEEEEING.
 21753 | Orc:2    | 21753 ||| STAIRDANCE
 21781 | Orc:1    | 21781 ||| DROPPING +2 hat.
 21784 | Orc:2    | 21784 ||| Stepping ~*~*~tactically~*~*~ (hiding).
 21919 | Orc:2    | Found Dogges's Antique Weapon Emporium.
 21938 | Orc:2    | Found Feojo's Book Emporium.
 21956 | Orc:2    | 21956 ||| Stepping ~*~*~tactically~*~*~ (stealth).
 21958 | Orc:2    | Noticed an orc warlord
 21959 | Orc:2    | 21959 ||| INVOKING Heroism.
 21960 | Orc:2    | 21960 ||| INVOKING Finesse.
 21998 | Orc:2    | Killed an orc warlord
 21999 | Orc:2    | Reached XP level 16. HP: 104/104 MP: 18/23
 22008 | Orc:2    | 22008 ||| RIP GAUNTLET
 22032 | Orc:2    | 22032 ||| PLANNING ORC
 22062 | Orc:2    | 22062 ||| DROPPING +1 plate armour of poison resistance.
 22063 | Orc:2    | 22063 ||| UPGRADING to +3 plate armour.
 22073 | Orc:2    | 22073 ||| DROPPING +4 chain mail of willpower.
 22117 | Orc:2    | Found a staircase to the Elven Halls.
 22167 | Orc:2    | 22167 ||| Stepping ~*~*~tactically~*~*~ (hiding).
 22169 | Orc:2    | 22169 ||| Stepping ~*~*~tactically~*~*~ (hiding).
 22170 | Orc:2    | 22170 ||| INVOKING Heroism.
 22379 | Orc:2    | Found Idiollypn's Antique Armour Emporium.
 22462 | Orc:2    | 22462 ||| Stepping ~*~*~tactically~*~*~ (hiding).
 22489 | Orc:2    | 22489 ||| Stepping ~*~*~tactically~*~*~ (stealth).
 22494 | Orc:2    | 22494 ||| Stepping ~*~*~tactically~*~*~ (stealth).
 22495 | Orc:2    | 22495 ||| Stepping ~*~*~tactically~*~*~ (stealth).
 22712 | Orc:2    | Found Azelluju's General Store.
 22718 | Orc:2    | 22718 ||| BUYING potion of haste (100 gold).
 22718 | Orc:2    | Bought a potion of haste for 100 gold pieces
 22718 | Orc:2    | 22718 ||| BUYING potion of lignification (30 gold).
 22718 | Orc:2    | Bought a potion of lignification for 30 gold pieces
 22718 | Orc:2    | 22718 ||| BUYING scroll of brand weapon (95 gold).
 22718 | Orc:2    | Bought a scroll of brand weapon for 95 gold pieces
 22740 | Orc:2    | 22740 ||| PLANNING SPIDER:1-3
 23000 | Spider:1 | Entered Level 1 of the Spider Nest
 23035 | Spider:1 | 23035 ||| Stepping ~*~*~tactically~*~*~ (stealth).
 23097 | Spider:1 | 23097 ||| INVOKING Heroism.
 23123 | Spider:1 | HP: 18/104 [demonic crawler (10)]
 23124 | Spider:1 | 23124 ||| READING 14 scrolls of teleportation.
 23125 | Spider:1 | 23125 ||| DRINKING 4 potions of heal wounds.
 23126 | Spider:1 | 23126 ||| DRINKING 3 potions of heal wounds.
 23171 | Spider:1 | 23171 ||| INVOKING Heroism.
 23181 | Spider:1 | HP: 23/104 [demonic crawler (12)]
 23182 | Spider:1 | 23182 ||| READING 13 scrolls of teleportation.
 23183 | Spider:1 | 23183 ||| DRINKING 2 potions of heal wounds.
 23198 | Spider:1 | Reached skill level 12 in Armour
 23316 | Spider:1 | 23316 ||| Stepping ~*~*~tactically~*~*~ (stealth).
 23317 | Spider:1 | 23317 ||| Stepping ~*~*~tactically~*~*~ (hiding).
 23486 | Spider:1 | 23486 ||| Stepping ~*~*~tactically~*~*~ (hiding).
 23488 | Spider:1 | 23488 ||| INVOKING Heroism.
 23598 | Spider:1 | 23598 ||| Stepping ~*~*~tactically~*~*~ (stealth).
 23907 | Spider:1 | 23907 ||| Stepping ~*~*~tactically~*~*~ (stealth).
 24635 | Spider:2 | 24635 ||| FLEEEEING.
 24636 | Spider:2 | 24636 ||| FLEEEEING.
 24637 | Spider:2 | 24637 ||| STAIRDANCE
 24716 | Spider:2 | 24716 ||| STAIRDANCE
 24762 | Spider:2 | 24762 ||| Stepping ~*~*~tactically~*~*~ (stealth).
 24764 | Spider:2 | 24764 ||| Stepping ~*~*~tactically~*~*~ (stealth).
 24767 | Spider:2 | 24767 ||| Stepping ~*~*~tactically~*~*~ (stealth).
 24774 | Spider:2 | 24774 ||| DRINKING 9 potions of curing.
 24774 | Spider:2 | 24774 ||| (to cure confusion)
 24785 | Spider:2 | 24785 ||| Stepping ~*~*~tactically~*~*~ (stealth).
 24787 | Spider:2 | 24787 ||| FLEEEEING.
 24788 | Spider:2 | 24788 ||| FLEEEEING.
 24849 | Spider:2 | Received a gift from Okawaru
 24892 | Spider:2 | 24892 ||| INVOKING Heroism.
 25242 | Spider:2 | 25242 ||| Stepping ~*~*~tactically~*~*~ (stealth).
 25259 | Spider:2 | 25259 ||| FLEEEEING.
 25347 | Spider:2 | Received a gift from Okawaru
 25391 | Spider:2 | 25391 ||| INVOKING Heroism.
 25407 | Spider:2 | Received a gift from Okawaru
 25602 | Spider:2 | 25602 ||| DROPPING +2 broad axe of electrocution.
 25618 | Spider:2 | Noticed Kirke
 25619 | Spider:2 | 25619 ||| Stepping ~*~*~tactically~*~*~ (stealth).
 25636 | Spider:2 | 25636 ||| INVOKING Heroism.
 25637 | Spider:2 | 25637 ||| INVOKING Finesse.
 25639 | Spider:2 | 25639 ||| FLEEEEING.
 25640 | Spider:2 | 25640 ||| FLEEEEING.
 25641 | Spider:2 | 25641 ||| FLEEEEING.
 25643 | Spider:2 | 25643 ||| DRINKING 2 potions of cancellation.
 25648 | Spider:2 | 25648 ||| Stepping ~*~*~tactically~*~*~ (stealth).
 25649 | Spider:2 | 25649 ||| Stepping ~*~*~tactically~*~*~ (stealth).
 25651 | Spider:2 | Killed Kirke
 25653 | Spider:2 | 25653 ||| Stepping ~*~*~tactically~*~*~ (stealth).
 25698 | Spider:2 | 25698 ||| Stepping ~*~*~tactically~*~*~ (stealth).
 25739 | Spider:2 | 25739 ||| DRINKING potion of cancellation.
 25740 | Spider:2 | 25740 ||| INVOKING Heroism.
 25798 | Spider:2 | 25798 ||| INVOKING Heroism.
 25801 | Spider:2 | 25801 ||| READING 13 scrolls of teleportation.
 25975 | Spider:2 | 25975 ||| Stepping ~*~*~tactically~*~*~ (stealth).
 25977 | Spider:2 | 25977 ||| Stepping ~*~*~tactically~*~*~ (stealth).
 25978 | Spider:2 | 25978 ||| Stepping ~*~*~tactically~*~*~ (stealth).
 26015 | Spider:2 | Reached skill level 15 in Fighting
 26016 | Spider:2 | 26016 ||| Stepping ~*~*~tactically~*~*~ (stealth).
 26096 | Spider:2 | Identified the +3 leather armour of Zierch {Harm rCorr}
 26113 | Spider:2 | 26113 ||| INVOKING Heroism.
 26137 | Spider:2 | 26137 ||| Stepping ~*~*~tactically~*~*~ (hiding).
 26358 | Spider:3 | 26358 ||| STAIRDANCE
 26407 | Spider:3 | 26407 ||| Stepping ~*~*~tactically~*~*~ (stealth).
 26411 | Spider:3 | 26411 ||| Stepping ~*~*~tactically~*~*~ (hiding).
 26436 | Spider:3 | 26436 ||| INVOKING Heroism.
 26537 | Spider:3 | 26537 ||| Stepping ~*~*~tactically~*~*~ (stealth).
 26548 | Spider:3 | 26548 ||| INVOKING Heroism.
 26629 | Spider:3 | 26629 ||| INVOKING Heroism.
 26858 | Spider:3 | 26858 ||| INVOKING Heroism.
 26865 | Spider:3 | Reached XP level 17. HP: 109/113 MP: 21/24
 26899 | Spider:3 | HP: 18/113 [jorogumo (17)]
 26900 | Spider:3 | 26900 ||| READING 12 scrolls of teleportation.
 26900 | Spider:3 | HP: 7/113 [jorogumo (2)]
 26900 | Spider:3 | Mangled by a culicivora

Levels and vault maps discovered:
D:1:      mrwooster_arrival_arrow, layout_rooms, minmay_gold_behind_fungi
D:2:      layout_loops_cross, uniq_sigmund, uniq_robin
D:3:      layout_basic, pf_just_have_faith, mainiacjoe_overflow_boulevard,
          st_stairs_10, uniq_ijyb
D:4:      layout_rooms, serial_park_tiny_1, hangedman_decor_lopped, uniq_duvessa
D:5:      layout_loops_ring, kennysheep_mini
D:6:      layout_rooms, gup_sewer_entry_bowl, centaur_isle
D:7:      layout_basic, lemuel_tele_altar, minmay_temple_entry_oklob
D:8:      minmay_evil_eye, layout_loops_ring, minivault_1
D:9:      minmay_the_grid_octo_2x2 [minmay_the_grid_octo_fan_narrow,
          minmay_the_grid_octo_odd_swirl, minmay_the_grid_octo_vomiting_pacman,
          minmay_the_grid_octo_prize_star], layout_cave_pods, dpeg_oklobed_lair,
          lightli_minifort
D:10:     layout_basic, minmay_fountain_box, minivault_4,
          corexii_hall_statues_i, nicolae_wooded_promenade
D:11:     layout_loops_ring
D:12:     layout_layer_cave, orc_0_dummy
D:13:     layout_loops_ring
D:14:     layout_long_grid, ximxim_vaults_locker_room,
          hellmonk_ghost_happy_afterlife, serial_park_tiny_1,
          nicolae_elevator_lobby_plus
D:15:     gammafunk_enter_depths_forms, layout_long_grid, serial_bayou,
          serial_bayou_crossing, serial_bayou_pond_b, serial_bayou_pond_a,
          serial_bayou_ford_a, minmay_crystal_water
Temple:   eino_narrow_crystal_temple
Lair:1:   layout_cave_pods, serial_bayou_shore_a, lemuel_fruit_fields,
          infiniplex_staircase_pool
Lair:2:   nzn_winding_woodlands_stair_cross
          [nzn_winding_woodlands_5x15_lazy_stream,
          nzn_winding_woodlands_center_diamonds,
          nzn_winding_woodlands_5x15_zeroes, nzn_winding_woodlands_hourglass,
          nzn_winding_woodlands_5x5_closed_star,
          nzn_winding_woodlands_5x15_pathside_ponds,
          nzn_winding_woodlands_center_lodge,
          nzn_winding_woodlands_5x15_river_crossing], layout_hall_layers
Lair:3:   layout_chaotic_city, shoals_dummy_entry,
          hellmonk_spider_entry_not_the_bees
Lair:4:   layout_layer_cave, slime_entry_1, portal_ice_cave_demonic_guard
Lair:5:   evilmike_catoblepas_cave, layout_small_grid, uniq_sonja
Spider:1: layout_chambers, hangedman_spider_tarantella_strand
Spider:2: layout_spider_delve, nicolae_spider_undead_wolf_pack, uniq_kirke
Spider:3: nicolae_spider_mines_1
Orc:1:    layout_diamond_mine, uniq_nergalle
Orc:2:    grunt_orc_cross, layout_caves, gauntlet_entry_generic, uniq_jorgrun

Skill      XL: |  1  2  3  4  5  6  7  8  9 10 11 12 13 14 15 16 |
---------------+-------------------------------------------------+-----
Axes           | 2 3 5 6 7 8 10 11 12 13 15 16 | 16.0
Fighting       | 4 5 6 7 8 10 12 13 15 | 15.0
Dodging        | 1 2 3 |  3.2
Armour         | 5 6 7 8 9 11 14 | 14.0
Shields        | 4 5 6 7 12 13 14 | 14.5
Throwing       | 1 2 5 |  5.7
Invocations    | 4 5 9 10 | 10.0

Action                     |  1- 3 |  4- 6 |  7- 9 | 10-12 | 13-15 | 16-18 || total
---------------------------+-------+-------+-------+-------+-------+-------++-------
  Melee: War axe           |    65 |   122 |   352 |   718 |  1530 |   838 ||  3625
         Morningstar       |       |       |       |    18 |    11 |       ||    29
  Throw: Boomerang         |       |       |    16 |    54 |    49 |   105 ||   224
         Javelin           |       |       |       |       |     7 |     5 ||    12
 Invoke: Heroism           |       |       |       |    21 |    28 |    14 ||    63
         Finesse           |       |       |       |     1 |     9 |     1 ||    11
    Use: Scroll            |     4 |     7 |     8 |     9 |    12 |     4 ||    44
         Potion            |     1 |     2 |     2 |     2 |     1 |     6 ||    14
   Stab: Distracted        |       |       |       |       |     1 |       ||     1
 Armour: Scale mail        |    10 |       |       |       |       |       ||    10
         Chain mail        |    24 |    75 |   259 |   456 |   703 |     2 ||  1519
         Plate armour      |       |       |       |       |       |   846 ||   846
  Dodge: Dodged            |    28 |    40 |   157 |   306 |   352 |   386 ||  1269
  Block: Buckler           |    16 |    10 |    79 |   169 |    78 |       ||   352
         Kite shield       |       |       |       |       |   489 |   842 ||  1331

Table legend:
 A = Non-vault XP
 B = Vault XP
 C = Vault XP percentage of total XP
 D = Non-vault monster count
 E = Vault monster count
 F = Vault count percentage of total count
                 A         B        C        D         E       F
            +---------+---------+-------+---------+---------+-------
      Total |  123069 |   60718 |  33.0 |     593 |     203 |  25.5
            +---------+---------+-------+---------+---------+-------
        D:1 |      25 |      24 |  49.0 |      16 |       6 |  27.3
        D:2 |      59 |     259 |  81.4 |      13 |       5 |  27.8
        D:3 |      32 |      40 |  55.6 |      13 |       4 |  23.5
        D:4 |     274 |     199 |  42.1 |      16 |       2 |  11.1
        D:5 |     553 |       0 |   0.0 |       8 |       0 |   0.0
        D:6 |    1342 |       6 |   0.4 |      26 |       3 |  10.3
        D:7 |    1126 |      57 |   4.8 |      35 |       1 |   2.8
        D:8 |    1648 |     307 |  15.7 |      31 |       5 |  13.9
        D:9 |    5160 |    8003 |  60.8 |      39 |      22 |  36.1
       D:10 |     836 |       0 |   0.0 |      14 |       0 |   0.0
       D:11 |    4775 |       0 |   0.0 |      22 |       0 |   0.0
       D:12 |    4082 |       0 |   0.0 |      16 |       0 |   0.0
       D:13 |    8831 |       0 |   0.0 |      32 |       0 |   0.0
       D:14 |    7994 |    4420 |  35.6 |      21 |      12 |  36.4
       D:15 |   11007 |    8086 |  42.4 |      27 |      12 |  30.8
     Lair:1 |    2113 |       0 |   0.0 |      14 |       0 |   0.0
     Lair:2 |    4479 |    5123 |  53.4 |      13 |      16 |  55.2
     Lair:3 |    1574 |     304 |  16.2 |       7 |       1 |  12.5
     Lair:4 |    6851 |     650 |   8.7 |      19 |       2 |   9.5
     Lair:5 |   12429 |   11683 |  48.5 |      35 |      24 |  40.7
   Spider:1 |   12553 |     271 |   2.1 |      35 |       1 |   2.8
   Spider:2 |   16104 |   10853 |  40.3 |      39 |      22 |  36.1
   Spider:3 |   12736 |       0 |   0.0 |      35 |       0 |   0.0
      Orc:1 |    2447 |     775 |  24.1 |      35 |       1 |   2.8
      Orc:2 |    4039 |    9498 |  70.2 |      32 |      39 |  54.9
      Sewer |       0 |     160 | 100.0 |       0 |      25 | 100.0
            +---------+---------+-------+---------+---------+-------
